Map: Dusty Gorge

Players

ILIEKEGGPIE - Winner!

  • Race: Zerg Zerg
  • League: Platinum
  • Spawn Location: 9:00

BizMac - Winner!

  • Race: Terran Terran
  • League: Platinum
  • Spawn Location: 11:00

Elysiumxan

  • Race: Protoss Protoss
  • League: Silver
  • Spawn Location: 3:00

Anthraxx

  • Race: Terran Terran
  • League: Gold
  • Spawn Location: 5:00

VOD

Have the link to the VOD?

Description

Time

  • Played on: April 27, 2018, 6:31 p.m.
  • Length: 5:21
Show
View Real Time Build Order
Export as new Build Order

ILIEKEGGPIE Zerg - Winner!

Build Orders: Pool First 

Get SALT Encoding   

  12  0:01  Drone  
  13  0:09  Drone  
  14  0:17  Overlord  
  14  0:37  Drone  
  14  0:38  Drone  
  16  0:51  Spawning Pool  
  16  0:52  Drone  
  16  0:55  Drone, Extractor  
  16  1:02  Drone  
  17  1:20  Drone  
  18  1:26  Drone  
  18  1:31  Drone  
  20  1:39  Hatchery  
  19  1:42  Queen  
  21  1:53  Overlord  
  21  1:55  Drone  
  21  2:00  Metabolic Boost  
  22  2:17  Zergling x2  
  22  2:18  Zergling x2  
  24  2:30  Overlord  
  24  2:39  Overlord  
  24  2:48  Queen  
  26  2:52  Zergling x2  
  26  2:53  Zergling x8  
  31  3:00  Queen  
  33  3:12  Zergling x2  
  34  3:13  Zergling x6  
  37  3:30  Zergling x8  
  41  3:34  Zergling x2  
  42  3:55  Zergling x4  
  43  3:57  Overlord  
  40  4:14  Zergling x10  
  40  4:15  Overlord  
  43  4:28  Overlord  
  42  4:34  Drone x4  
Show
View Real Time Build Order
Export as new Build Order

BizMac Terran - Winner!

Build Orders:  

Get SALT Encoding   

  12  0:01  SCV  
  13  0:13  SCV  
  14  0:21  Supply Depot  
  14  0:26  SCV  
  15  0:45  Barracks  
  15  0:46  SCV  
  16  0:53  Refinery  
  16  0:55  Refinery  
  16  0:59  SCV  
  17  1:11  SCV  
  18  1:23  SCV  
  19  1:35  Reaper, Supply Depot  
  19  1:37  Barracks  
  20  1:46  Orbital Command  
  20  2:05  Barracks  
  20  2:07  Reaper  
  21  2:24  Reaper  
  22  2:52  Reaper x2  
  22  2:56  Reaper  
  25  3:31  Reaper x3  
  28  3:39  Engineering Bay  
  28  3:41  Supply Depot  
  28  3:43  Supply Depot  
  28  3:44  SCV  
  29  3:56  SCV  
  29  4:15  Reaper x2  
  29  4:16  Reaper  
Show
View Real Time Build Order
Export as new Build Order

Elysiumxan Protoss 

Build Orders:  

Get SALT Encoding   

  12  0:00  Probe  
  13  0:13  Probe  
  14  0:21  Pylon  
  14  0:25  Probe  
  15  0:39  Probe  
  15  0:42  Gateway  
  16  0:51  Probe  
  17  0:58  Gateway  
  17  1:04  Assimilator  
  17  1:07  Probe  
  18  1:19  Probe  
  18  1:25  Pylon  
  19  1:31  Zealot, Probe  
  20  1:38  Zealot  
  22  1:42  Cybernetics Core  
  22  1:44  Probe  
  25  1:56  Probe  
  26  2:05  Zealot  
  26  2:08  Probe  
  29  2:14  Warp Gate  
  29  2:21  Gateway  
  29  2:23  Pylon  
  29  2:29  Zealot  
  31  2:44  Stalker  
  33  3:03  Assimilator  
  33  3:09  Stalker  
  35  3:33  Probe  
  35  3:41  Probe  
  36  3:51  Probe  
  33  4:03  Probe  
  27  4:15  Probe  
  16  4:56  Probe  
Show
View Real Time Build Order
Export as new Build Order

Anthraxx Terran 

Build Orders:  

Get SALT Encoding   

  12  0:01  SCV  
  13  0:13  SCV  
  14  0:18  Supply Depot  
  14  0:25  SCV  
  15  0:40  SCV  
  15  0:41  Barracks  
  16  0:47  Refinery  
  16  0:52  SCV  
  17  1:04  SCV  
  18  1:16  SCV  
  19  1:28  Marine  
  19  1:30  Orbital Command  
  20  1:45  Command Center  
  20  1:49  Marine  
  21  1:59  SCV  
  21  2:00  Supply Depot  
  22  2:07  Barracks Reactor  
  22  2:15  Barracks  
  22  2:17  SCV  
  23  2:29  SCV  
  24  2:38  Factory  
  24  2:41  SCV  
  25  2:46  Marine x2  
  27  2:56  Orbital Command  
  27  2:58  SCV  
  27  3:04  Barracks Tech Lab  
  28  3:06  Marine  
  28  3:07  Marine  
  28  3:10  SCV  
  31  3:23  SCV  
  31  3:25  Barracks  
  30  3:28  Refinery, Barracks  
  30  3:32  Starport, Factory Reactor  
  30  3:35  Marine x2  
  30  3:38  SCV  
  30  3:40  SCV  
  32  4:06  Marauder, Marine x2  
  32  4:09  Widow Mine x2  
  38  4:18  Marine x2  
  38  4:24  Marine x2  
  38  4:27  Marine  
  41  4:36  Marine x2  
  41  4:38  Bunker  
  41  4:41  Marine  
  41  4:42  Marine  
  41  4:45  Marine  
  28  5:02  Marine x4  
Tags
 
Add a new tag
Caveats
  • Supply blocks, unpowered buildings, or Contaminate may cause inaccurate times.
  • Supply counts are checked every 10 seconds.